 Dungeon Crawl Stone Soup version 0.21.1-1-g345015f (webtiles) character file.

58 GrunderHorse the Ducker (level 3, -9/17 HPs)
             Began as a Felid Monk on May 11, 2018.
             Was a Believer of Wu Jian.
             Mangled by Edmund
             ... wielding a +3 flail of draining
              (11 damage)
             ... on level 4 of the Dungeon.
             The game lasted 00:02:35 (2381 turns).

GrunderHorse the Ducker (Felid Monk)                Turns: 2381, Time: 00:02:35

Health: -9/17      AC:  1    Str:  5 (7)  XL:     3   Next: 76%
Magic:  4/4        EV: 19    Int: 13 (16) God:    Wu Jian [**....]
Gold:   54         SH:  0    Dex: 17 (19) Spells: 2/2 levels left
                                        Lives:  0   Deaths: 0

rFire    . . .     SeeInvis +     - Unarmed
rCold    . . .     Gourm    .   (shield unavailable)
rNeg     . . .     Faith    .   (armour unavailable)
rPois    .         Spirit   .   (helmet unavailable)
rElec    .         Reflect  .   (cloak unavailable)
rCorr    .         Harm     .   (gloves unavailable)
MR       .....                  (boots unavailable)
Stlth    +++.......             (no amulet)
HPRegen  0.05/turn              e - ring of stealth
MPRegen  0.09/turn              (no ring)

@: brilliant, flying, very slightly contaminated, drained, invisible, quick
A: very small, no armour, no weapons or thrown items, stealth, claws 1, fangs 3,
see invisible, carnivore, speed 1, shaggy fur 1, slow metabolism 1, sharp paws
a: Wall Jump, Renounce Religion


You were on level 4 of the Dungeon.
You worshipped Wu Jian.
Wu Jian was pleased with you.
You were very hungry.

You visited 1 branch of the dungeon, and saw 4 of its levels.

You collected 54 gold pieces.

Inventory:

Jewellery
 e - a ring of stealth (left paw)
Scrolls
 b - 2 scrolls of identify
 j - a scroll of immolation {unknown}
 k - 2 scrolls of amnesia {unknown}
 l - a scroll of fog {unknown}
 m - a scroll of teleportation {unknown}
 n - a scroll of enchant weapon {unknown}
Potions
 c - 2 potions of resistance
 d - a potion of brilliance
 f - a potion of degeneration
 g - a potion of invisibility
 i - 2 potions of cancellation {unknown}
 o - a potion of curing {unknown}
Comestibles
 a - 3 rations


   Skills:
 + Level 3.4(2.5) Fighting
 + Level 4.6(3.7) Dodging
 * Level 3.9(3.0) Stealth
 + Level 3.4(2.5) Unarmed Combat


You had 2 spell levels left.
You didn't know any spells.

Dungeon Overview and Level Annotations

Branches:
Dungeon (4/15)
 Temple: D:4-7

Altars:
Okawaru
Qazlal
Wu Jian
The Shining One

Annotations:
D:4 Edmund


Innate Abilities, Weirdness & Mutations

You cannot wear armour.
You are incapable of wielding weapons or throwing items.
Your paws allow you to move quietly. (Stealth)
You have sharp claws.
You have razor-sharp teeth.
You have supernaturally acute eyesight. (SInv)
You are carnivorous and can eat meat at any time.
You cover ground quickly.
You are covered in fur. (AC +1)
You have a slow metabolism.
Your sharp claws are effective at attacking unaware monsters.


Message History

It was a potion of brilliance.
You feel clever all of a sudden.
It was a potion of degeneration.
There was something very wrong with that liquid.
You feel weakened.
You feel dopey.
You feel clumsy.
It was a potion of invisibility.
You fade into invisibility!
You are very lightly contaminated with residual magic.
It was a potion of flight.
You feel very buoyant.
You fly up into the air.
You catch the helpless Edmund completely off-guard!
You scratch Edmund.
Edmund is heavily wounded.
Edmund closely misses you.
You closely miss Edmund.
Edmund is heavily wounded.
Edmund hits you with a flail of draining!
Ouch! That really hurt!
You die...

#.#
#.#
#.#
#.#
#.#
#.#
#.#
#@#
#@#
#.#
#.#
#.#
#.#
#.#
#.#
#.#


You could see Edmund (wandering).

Vanquished Creatures
  An adder (D:4)
  2 oozes (D:1)
  2 worms (D:2)
  A dart slug (D:1)
  An orc (D:3)
  4 hobgoblins (D:1)
  5 bats
  3 frilled lizards (D:1)
  7 goblins
  4 kobolds
  6 rats
36 creatures vanquished.

Notes
Turn   | Place    | Note
-------+----------+-------------------------------------------
     0 | D:1      | GrunderHorse the Felid Monk began the quest for the Orb.
     0 | D:1      | Reached XP level 1. HP: 10/10 MP: 2/2
   216 | D:1      | Reached XP level 2. HP: 14/14 MP: 3/3
   459 | D:1      | Reached XP level 3. HP: 7/17 MP: 4/4
   988 | D:2      | Found a glowing golden altar of the Shining One.
  1740 | D:2      | Found a stormy altar of Qazlal.
  1747 | D:2      | Found an ornate altar of the Wu Jian Council.
  1904 | D:2      | Became a worshipper of the Wu Jian Council
  1904 | D:2      | Reached * piety under Wu Jian
  1904 | D:2      | Reached ** piety under Wu Jian
  2333 | D:4      | Found an iron altar of Okawaru.
  2333 | D:4      | Noticed Edmund
  2381 | D:4      | Mangled by Edmund

Skill      XL: |  1 |
---------------+----+-----
Stealth        | 3 |  3.9
Fighting       | |  3.4
Dodging        | |  4.6
Unarmed Combat | |  3.4

Action                   || total
-------------------------++-------
Melee: Unarmed           ||   100
       Bite              ||     6
       Punch             ||     1
Invok: Wall Jump         ||     5
       Lunge             ||     3
       Whirlwind         ||     1
  Use: Potion            ||     4
       Scroll            ||     1
 Stab: Sleeping          ||    16
       Invisible         ||     1
Dodge: Dodged            ||    63
